AoeStats
← Ebrio

Nomad

507838555Analyzed
3v3 RM · 14d ago on Sep 19, 2026· 36m 11s· 6 players
Game mode
Random Map
Map size
210×210
Population
200
Speed
Normal
Resources
Standard
Victory
Conquest
Starting age
Dark Age
Ending age
Imperial Age
RankedLock teamsTeams togetherTeam positionsShared explorationLock speedFull tech treeHidden civsTurbo modeCheats
Victory
Defeat
🇮🇳 Burgundians · India
949
+16
🇫🇷 Celts · France
919
+17
🇦🇷 Persians · Argentina
907
+17
🇪🇸 Huns · Spain
977
-25
🇨🇴 Maya · Colombia
937
-17
🇲🇽 Armenians · Mexico
899
-15
Jundi
6:01 Loom
13:27 Feudal Age
14:16 Fishing Lines
16:57 Wheelbarrow
16:10 Arson
18:03 Horse Collar
18:09 Double-Bit Axe
19:38 Man-at-Arms
24:18 Castle Age
23:06 Fletching
24:33 Forging
24:24 Crossbowman
25:11 Thumb Ring
25:24 Padded Archer Armor
25:56 Eagle Warrior
27:05 Long Swordsman
27:08 Pikeman
32:23 Scale Mail Armor
NordicPain
3:17 Loom
16:10 Feudal Age
16:42 Man-at-Arms
17:18 Double-Bit Axe
17:26 Long Swordsman
18:54 Arson
32:13 Castle Age
30:28 Scale Mail Armor
31:00 Horse Collar
32:07 Stone Mining
31:56 Pikeman
32:49 Forging
33:13 Bow Saw
32:51 Two-Handed Swordsman
33:16 Gambesons
34:01 Squires
35:04 Iron Casting
36:39 Wheelbarrow
RezonN-
5:27 Loom
13:01 Feudal Age
13:32 Double-Bit Axe
17:04 Horse Collar
19:06 Wheelbarrow
18:50 Stone Mining
24:45 Castle Age
23:19 Gold Mining
25:51 Heavy Plow
26:07 Bow Saw
27:12 Scale Mail Armor
31:59 Hand Cart
31:51 Town Watch
34:50 Caravan
35:10 Town Patrol
35:56 Gold Shaft Mining
FestiSaumon
11:01 Loom
16:14 Feudal Age
16:54 Arson
17:24 Fishing Lines
17:35 Double-Bit Axe
20:00 Man-at-Arms
22:56 Town Watch
38:05 Castle Age
36:11 Scale Mail Armor
Ebrio
4:07 Loom
17:10 Feudal Age
17:52 Fishing Lines
21:41 Castle Age
22:49 Bloodlines
22:44 Husbandry
24:00 Scale Barding Armor
24:43 Wheelbarrow
25:50 Horse Collar
28:07 Forging
33:04 Chain Barding Armor
TheGogoi
4:34 Loom
14:53 Feudal Age
14:55 Double-Bit Axe
16:09 Bow Saw
16:13 Man-at-Arms
19:06 Forging
20:20 Horse Collar
22:35 Scale Mail Armor
23:17 Fletching
27:57 Castle Age
26:56 Stone Mining
26:59 Gold Mining
27:46 Scale Barding Armor
29:07 Chain Barding Armor
29:40 Iron Casting
29:00 Cavalier
29:41 Husbandry
31:27 Wheelbarrow
31:39 Chain Mail Armor
33:54 Bodkin Arrow
34:17 Hand Cart
Connection lost

Rejoining the realm…

Still unreachable

The connection could not be restored.

Session expired

The server has moved on; the page needs a fresh start.